 Dungeon Crawl Stone Soup version 0.23.2-40-g277498a001 (webtiles) character file.

Game seed: 3876598442616709161

221 Descartes the Skirmisher (level 6, -1/49 HPs)
             Began as a Formicid Abyssal Knight on Sept 20, 2019.
             Was a Priest of Lugonu.
             Succumbed to an orc wizard's poison
             ... on level 3 of the Dungeon.
             The game lasted 00:06:07 (2710 turns).

Descartes the Skirmisher (Formicid Abyssal Knight)  Turns: 2710, Time: 00:06:07

Health: -1/49      AC:  9    Str: 16    XL:     6   Next: 18%
Magic:  8/8        EV:  7    Int: 12    God:    Lugonu [***...]
Gold:   98         SH:  0    Dex: 12    Spells: 5/5 levels left

rFire    . . .     SeeInvis +   a - +1 mace
rCold    . . .     Gourm    .   (no shield)
rNeg     . . .     Faith    .   i - +0 chain mail
rPois    .         Spirit   .   (helmet unavailable)
rElec    .         Reflect  .   (no cloak)
rCorr    .         Harm     .   (no gloves)
MR       .....                  (no boots)
Stlth    ..........             (no amulet)
HPRegen  0.16/turn              q - +1 ring of slaying
MPRegen  0.11/turn              (no ring)

@: lethally poisoned (-1 -> -27), invisible
A: permanent stasis, dig shafts and tunnels, four strong arms, antennae 3
a: Dig, Shaft Self, Depart the Abyss, Bend Space, Banish, Renounce Religion


You were on level 3 of the Dungeon.
You worshipped Lugonu.
Lugonu was most pleased with you.
You were not hungry.

You visited 1 branch of the dungeon, and saw 3 of its levels.
You visited the Abyss 1 time.

You collected 98 gold pieces.

Inventory:

Hand Weapons
 a - a +1 mace (weapon)
 f - a +0 hand crossbow
 u - a +0 flail
 w - a +0 blowgun
Missiles
 b - 14 arrows
 p - 31 bolts
 s - 99 stones (quivered)
 v - 4 tomahawks
Armour
 i - a +0 chain mail (worn)
Jewellery
 q - a +1 ring of slaying (left hand)
Scrolls
 d - 2 scrolls of blinking {unknown}
 e - a scroll of remove curse {unknown}
 g - 2 scrolls of magic mapping {unknown}
 h - a scroll of fog {unknown}
 l - a scroll of random uselessness {unknown}
 n - 2 scrolls of identify {unknown}
 o - 2 scrolls of teleportation {unknown}
Potions
 m - a potion of haste {unknown}
 t - a potion of resistance {unknown}
Comestibles
 c - 6 rations


   Skills:
 + Level 4.4 Fighting
 + Level 3.1 Maces & Flails
 + Level 3.3 Armour
 + Level 1.9 Dodging
 + Level 2.1 Stealth
 + Level 3.3 Invocations


You had 5 spell levels left.
You didn't know any spells.
Your spell library was empty.

Dungeon Overview and Level Annotations

Branches:
Dungeon (3/15)

Altars:
Okawaru


Innate Abilities, Weirdness & Mutations

You cannot be hasted, slowed, berserked, paralysed or teleported.
You can dig through walls and to a lower floor.
Your four strong arms can wield two-handed weapons with a shield.
You have a pair of large antennae on your head. (SInv)


Message History

* * * LOW HITPOINT WARNING * * *
You feel sick.
* * * LOW HITPOINT WARNING * * *
You feel sick.
You sock the orc wizard!
The orc wizard is severely wounded.
* * * LOW HITPOINT WARNING * * *
You feel sick.
The orc wizard hits you with a +0 dagger of venom.
* * * LOW HITPOINT WARNING * * *
You hit the orc.
The orc is moderately wounded.
* * * LOW HITPOINT WARNING * * *
You feel sick. The orc hits you but does no damage.
The orc wizard hits you with a +0 dagger of venom.
* * * LOW HITPOINT WARNING * * *
You are more poisoned.
It was a potion of invisibility.
You fade into invisibility!
You die...

#..................
#.....(...##.......
#....(.......######
#.........#### ####
#.........# #..#
#####....## ##.#
##...#.##### #.#
##oo#.......## ## #.#
##.@#####..#..# #. #.#
#..## ###.##.#####. #.#
#.## #......##....
#.###.######.#.#####.###
#..#..##.....#.# #..#
##.#.#...#####.####.####
#.#)##.........>.......
#...#########.#.#######
##### #...#


You could see an orc wizard and an orc.

Vanquished Creatures
  An orc priest (D:3)
  An iguana (D:3)
  An orc wizard (D:3)
  6 adders
  An ooze (D:3)
  2 worms (D:3)
  A dart slug (D:1)
  2 leopard geckos
  9 orcs (D:3)
  10 bats
  6 giant cockroaches
  7 goblins
  4 hobgoblins
  5 jackals (D:1)
  7 frilled lizards
  11 kobolds
  6 rats
80 creatures vanquished.

Notes
Turn   | Place    | Note
-------+----------+-------------------------------------------
     0 | Abyss:1  | Descartes the Formicid Abyssal Knight began the quest for
                  | the Orb.
     0 | Abyss:1  | Reached XP level 1. HP: 18/18 MP: 2/2
    35 | Abyss:1  | Noticed a chaos spawn
    55 | Abyss:1  | Noticed a small abomination
   122 | Abyss:3  | Noticed an alligator zombie
   123 | Abyss:3  | Noticed a bone dragon
   144 | D:1      | Escaped the Abyss
   198 | D:1      | Reached * piety under Lugonu
   198 | D:1      | Reached XP level 2. HP: 8/24 MP: 3/3
   560 | D:1      | Reached XP level 3. HP: 21/30 MP: 4/4
   609 | D:1      | Reached skill level 1 in Dodging
  1187 | D:2      | Reached XP level 4. HP: 18/37 MP: 5/5
  1476 | D:2      | Reached skill level 1 in Stealth
  1485 | D:2      | Reached ** piety under Lugonu
  1495 | D:2      | Found an iron altar of Okawaru.
  1524 | D:2      | Reached skill level 4 in Fighting
  2008 | D:2      | Reached XP level 5. HP: 41/42 MP: 7/7
  2470 | D:3      | Reached XP level 6. HP: 33/49 MP: 8/8
  2480 | D:3      | Reached *** piety under Lugonu
  2709 | D:3      | HP: 2/49 [poisoned by an orc wizard]
  2710 | D:3      | Succumbed to an orc wizard's poison

Skill      XL: |  1  2  3  4  5  6 |
---------------+-------------------+-----
Dodging        | 1 |  1.9
Stealth        | 1 2 |  2.1
Fighting       | 4 |  4.4
Armour         | 3 |  3.3
Invocations    | 3 |  3.3
Maces & Flails | 3 |  3.1

Action                   |  1- 3 |  4- 6 || total
-------------------------+-------+-------++-------
Melee: Mace              |   116 |   170 ||   286
 Fire: Blowgun           |       |    12 ||    12
Throw: Stone             |       |     2 ||     2
Invok: Depart the Abyss  |     1 |       ||     1
  Use: Potion            |       |     1 ||     1
  Eat: Chunk             |     1 |     5 ||     6
Armor: Ring mail         |    13 |       ||    13
       Chain mail        |    74 |   160 ||   234
Dodge: Dodged            |    77 |    97 ||   174
